AoeStats
← [CL] Al3jandr0.magn00

Arabia

505668287Analyzed
1v1 RM · 22d ago on Sep 10, 2026· 43m 54s· 2 players
Game mode
Random Map
Map size
Tiny (2 player)
Population
200
Speed
Normal
Resources
Standard
Victory
Conquest
Starting age
Dark Age
Ending age
Imperial Age
RankedLock teamsTeams togetherTeam positionsShared explorationLock speedFull tech treeHidden civsTurbo modeCheats
Victory
Defeat
🇫🇷 Spanish · France
1803
+23
🇦🇷 Teutons · Argentina
1955
-23
Beauvéro
6:22 Loom
9:08 Feudal Age
9:56 Double-Bit Axe
15:12 Wheelbarrow
21:46 Castle Age
20:10 Fletching
21:33 Bloodlines
21:40 Horse Collar
21:51 Gold Mining
22:50 Bodkin Arrow
23:16 Padded Archer Armor
22:44 Elite Skirmisher
24:17 Stone Mining
24:41 Bow Saw
27:34 Heavy Plow
28:22 Leather Archer Armor
28:11 Husbandry
31:22 Town Watch
31:52 Hand Cart
39:04 Imperial Age
37:15 Gold Mining
40:39 Ring Archer Armor
39:31 Light Cavalry
39:58 Elite Conquistador
41:49 Scale Barding Armor
43:12 Chain Barding Armor
[CL] Al3jandr0.magn00
7:08 Loom
9:40 Feudal Age
9:43 Man-at-Arms
10:21 Double-Bit Axe
17:22 Fletching
22:25 Castle Age
21:00 Scale Barding Armor
20:55 Horse Collar
21:23 Gold Mining
22:30 Bloodlines
23:09 Bodkin Arrow
27:49 Wheelbarrow
28:30 Chain Barding Armor
32:23 Sanctity
37:45 Imperial Age
39:14 Plate Barding Armor
38:00 Cavalier
39:18 Block Printing
41:46 Hand Cart
42:12 Illumination
43:11 Fervor
Connection lost

Rejoining the realm…

Still unreachable

The connection could not be restored.

Session expired

The server has moved on; the page needs a fresh start.